AoeStats
← 2684480386

Scandinavia

510583122Analyzed
1v1 RM · 19h ago on Oct 1, 2026· 27m 48s· 2 players
Game mode
Random Map
Map size
Tiny (2 player)
Population
200
Speed
Normal
Resources
Standard
Victory
Conquest
Starting age
Dark Age
Ending age
Imperial Age
RankedLock teamsTeams togetherTeam positionsShared explorationLock speedFull tech treeHidden civsTurbo modeCheats
Victory
Defeat
🇫🇷 Mongols · France
925
+15
🇨🇳 Sicilians · China
910
-36
2684480386
8:54 Loom
11:29 Feudal Age
25:07 Fletching
PayZouZ
10:59 Feudal Age
11:08 Loom
14:51 Double-Bit Axe
16:22 Bloodlines
19:04 Forging
22:17 Castle Age
24:21 Padded Archer Armor
24:11 Fletching
Connection lost

Rejoining the realm…

Still unreachable

The connection could not be restored.

Session expired

The server has moved on; the page needs a fresh start.